 Dungeon Crawl Stone Soup version 0.29.1-2-gbd0b4ee654 (webtiles) character file.

Game seed: 10696466295264397851

2254 Earthwalker the Fighter (level 9, 0/81 HPs)
             Began as a Minotaur Fighter on Oct 24, 2022.
             Succumbed to an orc's poison
             ... on level 6 of the Dungeon.
             The game lasted 00:13:03 (8078 turns).

Earthwalker the Fighter (Minotaur Fighter)          Turns: 8078, Time: 00:13:03

Health: 0/81       AC: 13    Str: 26    XL:     9   Next: 15%
Magic:  8/8        EV:  7    Int:  5    God:
Gold:   337        SH:  5    Dex:  9    Spells: 8/8 levels left

rFire   . . .      SeeInvis .   a - +0 war axe
rCold   . . .      Faith    .   c - +0 buckler
rNeg    . . .      Spirit   .   q - +0 plate armour
rPois   .          Reflect  .   (helmet restricted)
rElec   .          Harm     .   (no cloak)
rCorr   .          Rampage  .   (no gloves)
Will    .....                   (no boots)
Stlth   ..........              (no amulet)
HPRegen 0.23/turn               (no ring)
MPRegen 0.11/turn               (no ring)

@: lethally poisoned (0 -> -5)
A: horns 2, retaliatory headbutt
a: no special abilities


You were on level 6 of the Dungeon.
You visited 2 branches of the dungeon, and saw 8 of its levels.

You collected 337 gold pieces.

Inventory:

Hand Weapons
 a - a +0 war axe (weapon)
Missiles
 f - 32 poisoned darts (quivered)
 p - 5 curare-tipped darts
 G - 4 javelins
Armour
 b - a +0 scale mail
 c - a +0 buckler (worn)
 q - a +0 plate armour (worn)
Jewellery
 z - a ring of fire
Wands
 u - a wand of polymorph (13)
 w - a wand of iceblast (15)
Scrolls
 i - 3 scrolls of poison
 j - 9 scrolls of identify
 m - 6 scrolls of teleportation
 t - 5 scrolls of noise
 x - a scroll of torment {unknown}
 y - a scroll of fog {unknown}
 B - a scroll of immolation {unknown}
 C - a scroll of silence {unknown}
 E - a scroll of enchant weapon {unknown}
Potions
 d - a potion of might
 e - a potion of degeneration {unknown}
 g - 4 potions of brilliance {unknown}
 h - 4 potions of attraction {unknown}
 k - 4 potions of curing {unknown}
 n - a potion of flight {unknown}
 o - a potion of invisibility {unknown}
 s - a potion of magic {unknown}
 v - a potion of ambrosia {unknown}
 A - a potion of lignification {unknown}
 D - a potion of mutation {unknown}
 F - 3 potions of cancellation {unknown}


   Skills:
 + Level 8.2 Fighting
 + Level 7.6 Axes
 + Level 8.1 Armour
 + Level 8.2 Shields


You had 8 spell levels left.
You didn't know any spells.
Your spell library contained the following spells:

 Spells                   Type           Power      Damage    Failure   Level
 Foxfire                  Conj/Fire      0%         2x1d4     100%        1
 Sandblast                Erth           0%         2d4       100%        1
 Static Discharge         Conj/Air       0%         3-3/arc   100%        2
 Conjure Flame            Conj/Fire      0%         6-21      100%        3
 Gell's Gravitas          Tloc           0%         N/A       100%        3
 Inner Flame              Hex/Fire       0%         N/A       100%        3
 Teleport Other           Tloc           0%         N/A       100%        3
 Animate Armour           Summ/Erth      0%         N/A       100%        4
 Flame Wave               Conj/Fire      0%         2d4       100%        4
 Lightning Bolt           Conj/Air       0%         1d11      100%        5
 Dispersal                Tloc           0%         N/A       100%        6
 Eringya's Noxious Bog    Tmut/Pois      0%         N/A       100%        6
 Maxwell's Capacitive Co  Air            0%         ∞         100%        8
 Shatter                  Erth           0%         3d5*      100%        9


Dungeon Overview and Level Annotations

Branches:
Dungeon (7/15)             Temple (1/1) D:5

Altars:
Cheibriados
Dithmenos
Elyvilon
Hepliaklqana
Kikubaaqudgha
Ru
Uskayaw
Vehumet
Xom
Yredelemnul
Zin
The Shining One

Shops:
D:2 =   D:3 *=!!   D:5 *


Innate Abilities, Weirdness & Mutations

You have a pair of horns on your head.
You reflexively headbutt those who attack you in melee.


Message History

You feel extremely sick. The orc barely misses you.
The orc hits you but does no damage.
You are lethally poisoned!
You closely miss the orc.
The orc is severely wounded.
* * * LOW HITPOINT WARNING * * *
You feel extremely sick. The orc hits you but does no damage.
You slash the orc!
You kill the orc!
* * * LOW HITPOINT WARNING * * *
You feel very sick.
* * * LOW HITPOINT WARNING * * *
You feel very sick.
You see here a +2 hand axe of venom.
As you read the scroll labelled MAETWU BATIUL, it crumbles to dust.
It is a scroll of identify.
m - 6 scrolls of teleportation
* * * LOW HITPOINT WARNING * * *
You feel very sick.
As you read the scroll of identify, it crumbles to dust.
i - 3 scrolls of poison
* * * LOW HITPOINT WARNING * * *
You feel very sick.
As you read the scroll labelled MIPTASK MANAPE, it crumbles to dust.
You hear a loud clanging noise!
It was a scroll of noise.
* * * LOW HITPOINT WARNING * * *
You feel sick.
Unknown command.
As you read the scroll labelled DOECRUIFEO, it crumbles to dust.
You assume a fearsome visage.
Nothing appears to happen.
It was a scroll of fear.
* * * LOW HITPOINT WARNING * * *
You feel sick.
Blink to where?
Press: ? - help, Dir - move target
As you read the scroll labelled ROSMUD JOUFF, it crumbles to dust.
It was a scroll of blinking.
You die...

#### ###
#####..##
#############.#
##.#.....##
#.........)§.##
#.........#
##........)@)#
#.#......##
###.......))#
#.##....## ##
###.......#
#≈##..### .####
###.....####
#≈###.##
....####.()...##
#≈###..#
.........#....#
#.#.##.##
........##....#
###.#.....##
........##....#
##..........#
........##....#
#...........##


There were no monsters in sight!

Vanquished Creatures
  Grinder (D:6)
  Prince Ribbit (D:6)
  Sigmund (D:6)
  An orc warrior (D:5)
  A black bear (D:5)
  An ogre (D:5)
  2 phantoms
  2 kobold brigands (D:6)
  A necrophage (D:6)
  3 scorpions
  4 wights (D:6)
  A howler monkey (D:6)
  5 hounds
  2 jellies
  4 orc priests
  A gnoll bouda (D:4)
  An iguana (D:4)
  An orc wizard (D:4)
  6 gnolls
  6 adders
  A shadow imp (D:6)
  An ufetubus (D:4)
  2 worms
  3 dart slugs
  24 orcs
  9 endoplasms
  5 giant cockroaches
  4 goblins
  8 hobgoblins
  3 jackals (D:1)
  22 kobolds
  4 quokkas
  4 ball pythons
  2 bats (D:1)
  2 frilled lizards
  A rat (D:1)
140 creatures vanquished.

Notes
Turn   | Place    | Note
-------+----------+-------------------------------------------
     0 | D:1      | Earthwalker the Minotaur Fighter began the quest for the
                  | Orb.
     0 | D:1      | Reached XP level 1. HP: 19/19 MP: 0/0
   305 | D:1      | Reached XP level 2. HP: 25/27 MP: 1/1
   592 | D:1      | Reached XP level 3. HP: 33/33 MP: 2/2
   940 | D:2      | Found a faded altar of an unknown god.
  1479 | D:2      | Found Xowapun's One-of-a-Kind Rings.
  1724 | D:3      | Found Diemad's Distillery.
  1819 | D:3      | Found Tuqoih's Distillery.
  1835 | D:3      | Found Xegrugaq's Jewellery Boutique.
  1840 | D:3      | Found Epsuipay's General Store.
  1867 | D:3      | Got the Dissertation on Flinty Pollution
  2117 | D:3      | Found a basalt altar of Yredelemnul.
  2396 | D:4      | Reached XP level 4. HP: 41/41 MP: 3/3
  2835 | D:4      | Reached XP level 5. HP: 38/47 MP: 4/4
  2969 | D:4      | Reached skill level 5 in Shields
  3126 | D:4      | Reached skill level 5 in Fighting
  3126 | D:4      | Reached skill level 5 in Armour
  3240 | D:4      | Reached XP level 6. HP: 50/56 MP: 5/5
  3994 | D:5      | Entered Level 5 of the Dungeon
  4021 | D:5      | Found a staircase to the Ecumenical Temple.
  4029 | Temple   | Entered the Ecumenical Temple
  4567 | D:5      | Reached skill level 5 in Axes
  4567 | D:5      | Reached XP level 7. HP: 62/62 MP: 6/6
  5810 | D:5      | Found Zin's Purification Station.
  5813 | D:5      | Found a glowing silver altar of Zin.
  5862 | D:5      | Reached XP level 8. HP: 52/71 MP: 7/7
  6766 | D:6      | Noticed Sigmund
  6992 | D:6      | Killed Sigmund
  7058 | D:6      | Noticed Grinder
  7058 | D:6      | Paralysed by Grinder for 4 turns
  7068 | D:6      | Paralysed by Grinder for 2 turns
  7071 | D:6      | Paralysed by Grinder for 5 turns
  7078 | D:6      | Killed Grinder
  7092 | D:6      | Noticed Prince Ribbit
  7220 | D:6      | Killed Prince Ribbit
  7221 | D:6      | Reached XP level 9. HP: 45/81 MP: 8/8
  8076 | D:6      | HP: 4/81 [poisoned by an orc]
  8078 | D:6      | Succumbed to an orc's poison

Illustrated notes

Levels and vault maps discovered:
D:1:      moated_graveyard_arrival, layout_loops_ring, st_stairs_14,
          minmay_pentomino_w2
D:2:      minmay_skewed_foursquare, layout_basic,
          chequers_ecumenical_altar_simple, nicolae_shop_unique_rings
D:3:      layout_basic, mainiacjoe_overflow_alcove_4, serial_shops,
          nicolae_shop_advertising_works [nicolae_subvault_shop_adworks],
          nicolae_shop_waterfront, shop, shop, hangedman_decor_peaks_small
D:4:      layout_layer_cave
D:5:      layout_gridville, zin_purify, minmay_temple_entry_sparse_star
D:6:      layout_cave_pods, corexii_corridor_pit, uniq_sigmund, uniq_grinder,
          uniq_prince_ribbit1
D:7:      layout_rooms, mainiacjoe_overflow_catch_the_wave,
          amethyst_overflow_temple_binary, grunt_ministairs_10, uniq_maggie,
          uniq_pikel
Temple:   dpeg_chambers_temple

Skill      XL: |  1  2  3  4  5  6  7  8  9 |
---------------+----------------------------+-----
Fighting       | 4 5 6 8 |  8.2
Shields        | 4 5 6 8 |  8.2
Armour         | 4 5 6 7 8 |  8.1
Axes           | 3 4 5 6 7 |  7.6

Action                   |  1- 3 |  4- 6 |  7- 9 || total
-------------------------+-------+-------+-------++-------
Melee: War axe           |    69 |   110 |   195 ||   374
       Headbutt          |    11 |    17 |    36 ||    64
Throw: Boomerang         |     4 |    14 |    20 ||    38
       Dart              |       |       |    20 ||    20
  Use: Scroll            |       |       |     5 ||     5
Armor: Scale mail        |    31 |       |       ||    31
       Plate armour      |     3 |    83 |   149 ||   235
Dodge: Dodged            |    30 |    44 |    40 ||   114
Block: Buckler           |    11 |    31 |    41 ||    83
